 Dungeon Crawl Stone Soup version 0.21.1-1-g345015f (webtiles) character file.

93 Fang the Skirmisher (level 4, -1/43 HPs)
             Began as a Gargoyle Berserker on June 28, 2018.
             Was a Believer of Trog.
             Slain by a gnoll
             ... wielding a +0 halberd
              (11 damage)
             ... on level 2 of the Dungeon.
             The game lasted 00:02:03 (1158 turns).

Fang the Skirmisher (Gargoyle Berserker)            Turns: 1158, Time: 00:02:03

Health: -1/43      AC:  5    Str: 26    XL:     4   Next: 62%
Magic:  4/4        EV: 12    Int:  8    God:    Trog [**....]
Gold:   80         SH:  0    Dex:  9    Spells: 3/3 levels left

rFire    . . .     SeeInvis .   a - +0 hand axe
rCold    . . .     Gourm    .   (no shield)
rNeg     + . .     Faith    .   b - +0 animal skin
rPois    ∞         Spirit   .   (no helmet)
rElec    +         Reflect  .   (no cloak)
rCorr    .         Harm     .   (no gloves)
MR       .....                  (no boots)
Stlth    ..........             (no amulet)
HPRegen  0.14/turn              (no ring)
MPRegen  0.09/turn              (no ring)

@: berserking, very quick
A: negative energy resistance 1, electricity resistance, unbreathing,
petrification resistance, rot immunity, AC +3
a: Berserk, Trog's Hand, Burn Spellbooks, Renounce Religion


You were on level 2 of the Dungeon.
You worshipped Trog.
Trog was pleased with you.
You were hungry.

You visited 1 branch of the dungeon, and saw 2 of its levels.

You collected 80 gold pieces.

Inventory:

Hand Weapons
 a - a +0 hand axe (weapon)
Armour
 b - a +0 animal skin (worn)
Jewellery
 f - a +1 ring of protection {unknown}
Scrolls
 d - a scroll of magic mapping {unknown}
 e - a scroll of teleportation {unknown}
 g - a scroll of fear {unknown}
Comestibles
 c - 4 rations
 h - 9 chunks of flesh


   Skills:
 + Level 3.9 Fighting
 + Level 3.9 Axes
 + Level 2.4 Armour
 + Level 2.1 Dodging


You had 3 spell levels left.
You didn't know any spells.

Dungeon Overview and Level Annotations

Branches:
Dungeon (2/15)

Altars:
Trog


Innate Abilities, Weirdness & Mutations

You are resistant to torment.
Your stone body is resilient. (AC +3)
You are immune to poison.
You resist negative energy. (rN+)
You are resistant to electric shocks. (rElec)
You can survive without breathing.
You are immune to petrification.
You are immune to rotting.


Message History

You barely miss the gnoll. The gnoll misses you.
Unknown command.
You hit the gnoll.
The gnoll is almost dead.
You hit the gnoll. The gnoll barely misses you.
Unknown command.
You slash the gnoll!
You kill the gnoll!
Trog accepts your kill.
You hit the gnoll. The gnoll hits you but does no damage.
Unknown command.
A worm comes into view.
The gnoll hits you with a whip.
* * * LOW HITPOINT WARNING * * *
You see here a spear.
Unknown command.
You barely miss the gnoll.
The gnoll is almost dead.
The gnoll hits you from afar with a halberd!
You die...

#####...# ##.#######.# #
##### #..##....÷# #
#########......#######
......................
########.####..####...
#######.....................
.......†...#####....###.###.
........##### #.#### #.....
.........%)@# #.# ######
###..######g.g...# # ##
##....... .#####w ##


You could see a worm and 2 gnolls.

Vanquished Creatures
  2 adders (D:2)
  A gnoll (D:2)
  An ooze (D:1)
  A dart slug (D:1)
  2 leopard geckos (D:2)
  3 ball pythons
  8 bats
  9 giant cockroaches (D:2)
  7 hobgoblins
  A quokka (D:2)
  3 frilled lizards (D:1)
  6 goblins
  5 kobolds (D:1)
  6 rats
55 creatures vanquished.

Notes
Turn   | Place    | Note
-------+----------+-------------------------------------------
     0 | D:1      | Fang the Gargoyle Berserker began the quest for the Orb.
     0 | D:1      | Reached XP level 1. HP: 14/14 MP: 1/1
    97 | D:1      | Reached XP level 2. HP: 16/19 MP: 2/2
   398 | D:1      | Reached XP level 3. HP: 24/24 MP: 3/3
   523 | D:1      | You fall through a shaft!
   537 | D:2      | Reached ** piety under Trog
   771 | D:2      | Reached XP level 4. HP: 29/29 MP: 4/4
   817 | D:2      | Found a bloodstained altar of Trog.
  1158 | D:2      | Slain by a gnoll

Skill      XL: |  1  2  3  4 |
---------------+-------------+-----
Axes           | 3 |  3.9
Dodging        | 2 |  2.1
Fighting       | |  3.9
Armour         | |  2.4

Action                   |  1- 3 |  4- 6 || total
-------------------------+-------+-------++-------
Melee: Hand axe          |   105 |    41 ||   146
Invok: Berserk           |     1 |     1 ||     2
  Eat: Chunk             |       |     2 ||     2
Armor: Animal skin       |    57 |    20 ||    77
Dodge: Dodged            |    73 |    43 ||   116
